Map: Ephemeron LE

Players

GogojOey - Winner!

  • Race: Zerg Zerg
  • Spawn Location: 5:00

Knuf

  • Race: Protoss Protoss
  • League: Master
  • Spawn Location: 11:00

Event: NationWars 2019

VOD

Have the link to the VOD?

Description

Time

  • Played on: Sept. 30, 2019, 12:18 p.m.
  • Length: 9:40

All games in this series

Show
View Real Time Build Order
Export as new Build Order

GogojOey Zerg - Winner!

Build Orders: Hatch First 

Get SALT Encoding   

  12  0:00  Drone  
  13  0:12  Overlord  
  13  0:17  Drone  
  14  0:30  Drone x2  
  16  0:49  Hatchery  
  15  0:51  Drone  
  15  0:55  Drone  
  17  0:58  Drone  
  18  1:09  Extractor  
  17  1:14  Spawning Pool  
  17  1:18  Drone  
  17  1:20  Drone  
  18  1:28  Drone  
  19  1:39  Drone  
  20  1:50  Hatchery  
  20  1:52  Drone  
  20  2:01  Queen  
  20  2:05  Drone  
  23  2:08  Drone  
  23  2:11  Drone  
  25  2:17  Overlord  
  25  2:24  Queen  
  25  2:27  Drone  
  28  2:34  Metabolic Boost  
  28  2:40  Queen  
  28  2:42  Zergling x2  
  31  2:44  Zergling x2  
  31  2:47  Drone  
  31  2:50  Drone  
  34  2:52  Drone  
  34  2:53  Drone  
  36  3:03  Queen  
  38  3:07  Overlord  
  38  3:08  Drone  
  37  3:22  Drone x4  
  37  3:26  Overlord  
  41  3:27  Drone x2  
  41  3:32  Spore Crawler  
  41  3:33  Spore Crawler  
  42  3:34  Drone  
  42  3:36  Drone  
  42  3:38  Drone  
  44  3:43  Drone x3  
  47  3:50  Drone  
  47  3:51  Lair  
  50  3:55  Drone x3  
  51  4:02  Spore Crawler  
  51  4:04  Roach Warren  
  51  4:07  Overlord  
  51  4:08  Drone x2  
  51  4:09  Drone  
  52  4:13  Extractor  
  52  4:15  Extractor  
  50  4:18  Overlord  
  50  4:19  Drone x4  
  54  4:30  Zergling x14  
  61  4:33  Drone x3  
  61  4:38  Overlord  
  64  4:42  Drone  
  64  4:45  Drone  
  66  4:53  Drone x5  
  66  4:58  Spire  
  66  4:59  Extractor  
  69  5:03  Drone x6  
  75  5:13  Overlord  
  73  5:14  Drone x4  
  73  5:20  Extractor  
  74  5:22  Extractor  
  74  5:23  Drone x5  
  74  5:27  Drone  
  77  5:30  Glial Reconstitution  
  77  5:33  Roach x4  
  85  5:36  Zergling x2  
  85  5:42  Zergling x8  
  89  5:47  Hatchery  
  89  5:49  Overlord  
  87  5:50  Overlord  
  87  5:56  Overlord  
  87  6:00  Overlord  
  86  6:05  Overseer  
  86  6:06  Overlord  
  86  6:07  Queen  
  88  6:11  Mutalisk x2  
  88  6:12  Zerg Flyer Weapons Level 1, Mutalisk x2  
  88  6:14  Drone  
  88  6:15  Mutalisk x2  
  88  6:17  Evolution Chamber  
  100  6:20  Zergling x12  
  106  6:27  Mutalisk x2  
  110  6:33  Mutalisk  
  110  6:35  Zergling x2  
  110  6:36  Zergling x8  
  117  6:41  Mutalisk  
  117  6:43  Zergling x4  
  119  6:49  Drone x2  
  119  6:52  Mutalisk  
  119  6:54  Overlord x2  
  122  6:56  Overlord  
  122  7:01  Extractor, Overlord  
  122  7:05  Extractor  
  119  7:15  Drone x3  
  122  7:16  Drone x3, Queen  
  122  7:17  Drone x3  
  122  7:21  Mutalisk x4  
  122  7:22  Mutalisk x2  
  142  7:28  Drone x3  
  145  7:30  Zerg Melee Weapons Level 1  
  145  7:38  Mutalisk  
  145  7:40  Zergling x2  
  145  7:41  Zergling x8  
  150  7:45  Queen  
  150  7:48  Zergling x14, Hatchery  
  150  7:49  Zergling x2  
  156  8:04  Mutalisk x6  
  157  8:06  Zergling x4  
  158  8:19  Mutalisk x3  
  154  8:20  Zergling x2  
  154  8:21  Zergling x8  
  149  8:42  Mutalisk x3  
  149  8:44  Zergling x12  
  149  8:46  Overlord x2  
  159  8:51  Overlord x2  
  155  9:06  Mutalisk x4  
  155  9:07  Mutalisk  
  155  9:08  Zergling x2  
  155  9:09  Zergling x16  
  165  9:15  Mutalisk x2  
  165  9:16  Hatchery  
  161  9:17  Zergling x12  
Show
View Real Time Build Order
Export as new Build Order

Knuf Protoss 

Build Orders: 1 Gate Expand, Oracle Opening, Chargelot Immortal 

Get SALT Encoding   

  12  0:01  Probe  
  13  0:13  Probe  
  14  0:19  Pylon  
  14  0:25  Probe  
  15  0:38  Probe (Chrono Boost)  
  16  0:44  Gateway  
  16  0:47  Probe (Chrono Boost)  
  17  0:50  Assimilator  
  17  0:52  Probe  
  18  1:04  Probe  
  19  1:16  Probe  
  20  1:28  Probe  
  20  1:32  Nexus  
  21  1:42  Cybernetics Core  
  21  1:44  Probe  
  22  1:51  Assimilator  
  22  1:56  Probe  
  22  1:57  Pylon  
  23  2:15  Adept (Chrono Boost), Probe (Chrono Boost)  
  26  2:23  Stargate  
  26  2:28  Probe (Chrono Boost)  
  27  2:34  Probe (Chrono Boost)  
  28  2:38  Stalker  
  28  2:40  Warp Gate  
  28  2:44  Probe (Chrono Boost)  
  32  2:49  Probe (Chrono Boost)  
  32  2:54  Probe (Chrono Boost)  
  32  2:56  Assimilator  
  32  2:57  Probe (Chrono Boost)  
  34  2:58  Assimilator  
  34  2:59  Probe (Chrono Boost)  
  35  3:08  Oracle, Probe  
  39  3:13  Probe  
  38  3:20  Probe  
  38  3:25  Probe  
  40  3:32  Probe, Gateway  
  43  3:37  Probe  
  44  3:44  Probe  
  45  3:49  Pylon, Probe  
  44  3:57  Robotics Facility  
  44  3:59  Probe  
  44  4:01  Probe  
  46  4:04  Oracle (Chrono Boost)  
  49  4:10  Pylon  
  49  4:12  Probe  
  49  4:14  Probe  
  49  4:15  Nexus  
  51  4:25  Probe  
  51  4:29  Gateway x2  
  51  4:31  Probe  
  53  4:33  Sentry x2  
  53  4:37  Probe  
  58  4:38  Shield Battery  
  58  4:42  Pylon  
  58  4:43  Probe  
  59  4:47  Observer (Chrono Boost)  
  59  4:49  Probe  
  61  4:55  Probe  
  61  4:59  Immortal (Chrono Boost)  
  62  5:01  Probe  
  62  5:03  Zealot  
  69  5:09  Zealot  
  69  5:12  Probe  
  69  5:13  Probe  
  68  5:24  Probe  
  68  5:28  Probe x2  
  69  5:33  Shield Battery  
  69  5:34  Warp Prism (Chrono Boost)  
  69  5:35  Sentry  
  71  5:36  Probe  
  71  5:39  Forge, Twilight Council  
  71  5:40  Probe x2, Sentry  
  71  5:41  Sentry, Zealot  
  82  5:45  Assimilator  
  82  5:49  Assimilator  
  82  5:50  Probe  
  82  5:52  Probe x2  
  85  6:16  Pylon  
  85  6:17  Pylon  
  85  6:19  Pylon  
  85  6:24  Protoss Ground Weapons Level 1  
  85  6:25  Templar Archives, Charge, Robotics Facility  
  85  6:31  Immortal (Chrono Boost)  
  85  6:34  Probe x3  
  92  6:41  Pylon  
  92  6:46  Probe x3  
  92  6:47  Zealot  
  92  6:48  Zealot x3  
  92  6:52  Photon Cannon  
  100  6:56  Phoenix (Chrono Boost)  
  100  6:57  Photon Cannon  
  100  6:59  Photon Cannon  
  99  7:13  Phoenix (Chrono Boost)  
  100  7:15  Probe  
  100  7:16  Probe x2  
  100  7:21  Stalker x4  
  109  7:29  Phoenix (Chrono Boost), Photon Cannon  
  108  7:36  Immortal  
  114  7:45  High Templar  
  114  7:49  Pylon  
  114  7:50  Phoenix (Chrono Boost)  
  113  8:05  Stalker x3  
  108  8:12  Phoenix (Chrono Boost)  
  95  8:18  Stalker  
  91  8:24  Gateway  
  91  8:25  Gateway  
  91  8:26  Gateway, Immortal  
  90  8:29  Phoenix (Chrono Boost)  
  90  8:30  Zealot x3  
  81  8:42  Probe  
  81  8:45  High Templar  
  81  8:48  Phoenix (Chrono Boost)  
  84  8:51  High Templar, Zealot x2  
  84  8:55  Probe  
  93  8:57  Archon  
  90  9:06  Phoenix (Chrono Boost)  
  90  9:07  Probe  
  87  9:14  Stalker x2  
  80  9:18  Stalker x2  
Tags
 
Add a new tag
Caveats
  • Supply blocks, unpowered buildings, or Contaminate may cause inaccurate times.
  • Supply counts are checked every 10 seconds.